 Dungeon Crawl Stone Soup version 0.22.0-36-g8e74550 (webtiles) character file.

665 Arum the Shield-Bearer (level 7, -6/87 HPs)
             Began as a Formicid Fighter on Aug 24, 2018.
             Was an Initiate of Ru.
             Killed from afar by Dowan (18 damage)
             ... with a shard of ice
             ... on level 5 of the Dungeon.
             The game lasted 00:05:54 (3637 turns).

Arum the Shield-Bearer (Formicid Fighter)           Turns: 3637, Time: 00:05:55

Health: -6/87      AC: 26    Str: 17 (20) XL:     7   Next: 87%
Magic:  7/7        EV:  2    Int: 13 (15) God:    Ru [......]
Gold:   9          SH: 10    Dex: 10      Spells: 6/6 levels left

rFire    . . .     SeeInvis .   a - +0 flail
rCold    . . .     Gourm    .   t - +0 shield {AC+3}
rNeg     + + +     Faith    +   (armour currently unavailable)
rPois    +         Spirit   .   (helmet unavailable)
rElec    .         Reflect  .   (cloak currently unavailable)
rCorr    .         Harm     .   (gloves currently unavailable)
MR       .....                  (boots currently unavailable)
Stlth    +.........             h - amulet of faith
HPRegen  0.24/turn              (no ring)
MPRegen  0.10/turn              (no ring)

@: brilliant, lethally poisoned (-6 -> -8), tree-form (expiring)
A: permanent stasis, dig shafts and tunnels, four strong arms
a: Renounce Religion


You were on level 5 of the Dungeon.
You worshipped Ru.
Ru was noncommittal.
You were not hungry.
You were a tree.
You visited 2 branches of the dungeon, and saw 6 of its levels.

You collected 135 gold pieces.
You spent 126 gold pieces at shops.

Inventory:

Hand Weapons
 a - a +0 flail (weapon)
Missiles
 w - 8 javelins (quivered)
Armour
 b - a +0 scale mail (melded)
 t - a +0 shield of protection (worn)
Jewellery
 h - an amulet of faith (around neck)
 u - an uncursed ring of ice
Wands
 s - a wand of random effects (39)
Scrolls
 i - a scroll of magic mapping {unknown}
 j - a scroll of random uselessness {unknown}
 l - a scroll of teleportation {unknown}
 m - 2 scrolls of remove curse {unknown}
 n - 3 scrolls of identify {unknown}
 o - a scroll of enchant armour {unknown}
 q - 2 scrolls of amnesia {unknown}
Potions
 d - a potion of might
 e - 4 potions of haste
 g - a potion of lignification
 p - 2 potions of brilliance
 x - a potion of magic {unknown}
Comestibles
 f - 7 rations
 v - 2 chunks of flesh


   Skills:
 + Level 6.0 Fighting
 + Level 5.0 Maces & Flails
 - Level 3.2 Armour
 + Level 6.6 Shields


You had 6 spell levels left.
You didn't know any spells.
Your spell library contained the following spells:

 Spells                   Type           Power        Failure   Level  Hunger
 Animate Skeleton         Necr           N/A          6%          1    ##.....
 Apportation              Tloc           #.....       6%          1    ##.....
 Confusing Touch          Hex            #.....       6%          1    ##.....
 Summon Small Mammal      Summ           #...         6%          1    ##.....


Dungeon Overview and Level Annotations

Branches:
Dungeon (5/15)             Temple (1/1) D:4

Altars:
Ashenzari
Cheibriados
Dithmenos
Fedhas
Gozag
Hepliaklqana
Ru
Trog
Uskayaw
Vehumet
Wu Jian

Shops:
D:4 [

Annotations:
D:5 Dowan


Innate Abilities, Weirdness & Mutations

You cannot be hasted, slowed, berserked, paralysed or teleported.
You can dig through walls and to a lower floor.
Your four strong arms can wield two-handed weapons with a shield.
((You have a pair of large antennae on your head. (SInv)))


Message History

Dowan is severely wounded.
You feel sick. Dowan hits you but does no damage.
Dowan gestures at you while chanting. The stone arrow hits you!
* * * LOW HITPOINT WARNING * * *
You closely miss Dowan.
Dowan is severely wounded.
Your transformation is almost over.
You feel sick. Dowan gestures at you while chanting.
Helpless, you fail to dodge the stone arrow.
* * * LOW HITPOINT WARNING * * *
Dowan says, "How can I live without her?"
You block Dowan's attack.
Okay, then.
You closely miss Dowan.
Dowan is severely wounded.
Dowan gestures at you while chanting. The shard of ice hits you!
You die...

#.#
########.....#.
#.# #.........#
#.# ##.##.....#
#.# #.##.....#
#.# #.###+###..
#.# #####.# $.
#.# #...#<# .
#.# #...#####
#.# #...e♣).#
#.# #...###.#
#.# #...# ...
#.# #...# ####
#.# #...#
#.###.###
#.....# #######


You could see Dowan.

Vanquished Creatures
  Grinder (D:4)
  Duvessa (D:5)
  2 ogres (D:4)
  A hound (D:4)
  2 worker ants (D:4)
  4 adders
  An ooze (D:1)
  2 worms
  A dart slug (D:4)
  6 leopard geckos
  An orc (D:4)
  2 ball pythons
  7 bats
  6 giant cockroaches
  8 goblins
  5 hobgoblins
  2 jackals (D:3)
  3 quokkas
  2 frilled lizards
  A jackal skeleton (D:5)
  5 kobolds (D:1)
  A quokka skeleton (D:4)
  11 rats
75 creatures vanquished.

Notes
Turn   | Place    | Note
-------+----------+-------------------------------------------
     0 | D:1      | Arum the Formicid Fighter began the quest for the Orb.
     0 | D:1      | Reached XP level 1. HP: 18/18 MP: 1/1
   267 | D:1      | Reached XP level 2. HP: 13/24 MP: 2/2
   719 | D:1      | Reached XP level 3. HP: 27/30 MP: 3/3
  1302 | D:2      | Reached XP level 4. HP: 37/37 MP: 4/4
  1521 | D:2      | Found a bloodstained altar of Trog.
  1908 | D:3      | Found a shattered altar of Ashenzari.
  1908 | D:3      | Found an ornate altar of the Wu Jian Council.
  2346 | D:4      | Noticed Grinder
  2356 | D:4      | Killed Grinder
  2356 | D:4      | Reached skill level 5 in Fighting
  2356 | D:4      | Reached skill level 5 in Shields
  2356 | D:4      | Reached XP level 5. HP: 16/44 MP: 5/5
  2356 | D:4      | Reached XP level 6. HP: 19/51 MP: 6/6
  2669 | D:4      | Found Jowk's Armour Boutique.
  2675 | D:4      | Bought a +0 shield of protection for 126 gold pieces
  2874 | D:4      | Found a staircase to the Ecumenical Temple.
  2892 | Temple   | Entered the Ecumenical Temple
  2930 | Temple   | Became a worshipper of Ru the Awakened
  2999 | D:4      | Noticed an ogre
  3007 | D:4      | Killed an ogre
  3007 | D:4      | Reached XP level 7. HP: 47/56 MP: 7/7
  3453 | D:5      | Entered Level 5 of the Dungeon
  3583 | D:5      | Noticed Dowan
  3584 | D:5      | Noticed Duvessa
  3610 | D:5      | Killed Duvessa
  3610 | D:5      | Reached skill level 5 in Maces & Flails
  3637 | D:5      | Killed from afar by Dowan

Skill      XL: |  1  2  3  4  5  6  7 |
---------------+----------------------+-----
Shields        | 4 5 6 |  6.6
Fighting       | 4 5 6 |  6.0
Maces & Flails | 4 5 |  5.0
Armour         | |  3.2

Action                   |  1- 3 |  4- 6 |  7- 9 || total
-------------------------+-------+-------+-------++-------
Melee: Flail             |   110 |   131 |    65 ||   306
  Use: Potion            |       |       |     6 ||     6
  Eat: Chunk             |     1 |     6 |     2 ||     9
Armor: Scale mail        |    28 |    54 |    17 ||    99
       Skin              |       |       |    12 ||    12
Dodge: Dodged            |    29 |    40 |     8 ||    77
Block: Shield            |    63 |    63 |    31 ||   157
